 Dungeon Crawl Stone Soup version 0.31.0-12-g77e489cdc1 (webtiles) character file.

Game seed: 18203388733703086781

365 Buffagor the Insei (level 6, -6/43 HPs)
             Began as a Merfolk Shapeshifter on Feb 17, 2024.
             Was a Follower of Cheibriados.
             Shot with an arrow by a centaur (13 damage)
             ... on level 5 of the Dungeon.
             The game lasted 00:09:25 (4170 turns).

Buffagor the Insei (Merfolk Shapeshifter)           Turns: 4170, Time: 00:09:25

Health: -6/43      AC:  3    Str: 16    XL:     6   Next: 68%
Magic:  6/6        EV: 12    Int: 12    God:    Cheibriados [*.....]
Gold:   246        SH:  0    Dex: 17    Spells: 5/5 levels left

rFire   . .          .
                       - Unarmed
rCold   . . .        (no shield)
rNeg    . . .        l - +0 leather armour
rPois   .            (helmet currently unavailable)
rElec   .            (cloak currently unavailable)
rCorr   .            (gloves currently unavailable)
SInv    .            (boots currently unavailable)
Will    .....        (no amulet)
Stlth   +            (no ring)
HPRegen 0.27/turn    (no ring)
MPRegen 0.10/turn

%: no passive effects
@: beast-form, very slow
A: beast (slay +3), (nimble swimmer 2), mertail
a: Begin Untransformation, Renounce Religion, Bend Time


You were on level 5 of the Dungeon.
You worshipped Cheibriados.
Cheibriados was aware of your devotion.
You were a hulking beast.
You visited 1 branch of the dungeon, and saw 5 of its levels.

You collected 246 gold pieces.

Inventory:

Hand Weapons
 b - a +0 sling
 k - a +2 hand axe of flaming
Missiles
 a - 40 stones
 o - 2 poisoned darts (quivered)
 s - 4 javelins
Armour
 l - a +0 leather armour (worn)
 p - a +1 helmet
Jewellery
 t - an amulet of magic regeneration
 u - a +4 ring of protection
Talismans
 c - a beast talisman
 d - a flux talisman
Scrolls
 e - 3 scrolls of enchant weapon {unknown}
 h - 2 scrolls of immolation {unknown}
 i - 3 scrolls of identify {unknown}
 j - 2 scrolls of torment {unknown}
 m - a scroll of vulnerability {unknown}
 n - 2 scrolls of revelation {unknown}
 q - 2 scrolls of fog {unknown}
 r - a scroll of amnesia {unknown}
 x - 4 scrolls of silence {unknown}
 y - a scroll of fear {unknown}
Potions
 f - 2 potions of heal wounds {unknown}
 g - a potion of might {unknown}
 v - a potion of mutation {unknown}
 w - a potion of degeneration {unknown}
 z - a potion of curing {unknown}


   Skills:
 - Level 1.1 Fighting
 - Level 2.6 Dodging
 * Level 6.7 Unarmed Combat
 + Level 6.1 Shapeshifting


You had 5 spell levels left.
You didn't know any spells.
Your spell library contained the following spells:

 Spells                   Type           Power      Damage    Failure   Level
 Apportation              Tloc           0%         N/A       38%         1
 Cigotuvi's Dreadful Rot  Necr/Alch/Air  0%         N/A       52%         2
 Ensorcelled Hibernation  Hex/Ice        0%         N/A       52%         2
 Jinxbite                 Hex            0%         N/A       52%         2
 Dazzling Flash           Conj/Hex       0%         N/A       77%         3
 Fugue of the Fallen      Necr           0%         N/A       77%         3
 Ozocubu's Armour         Ice            0%         N/A       77%         3
 Passwall                 Erth           0%         N/A       77%         3
 Swiftness                Air            0%         N/A       77%         3
 Volatile Blastmotes      Fire/Tloc      0%         2d10      77%         3
 Ignite Poison            Fire/Alch      0%         N/A       99%         4
 Manifold Assault         Tloc           0%         N/A       99%         4
 Alistair's Intoxication  Alch           0%         N/A       100%        5
 Freezing Cloud           Conj/Ice/Air   0%         6-21      100%        5
 Starburst                Conj/Fire      0%         6d3       100%        6
 Maxwell's Capacitive Co  Air            0%         ∞         100%        8


Dungeon Overview and Level Annotations

Branches:
Dungeon (5/15)
 Temple: D:4-7

Altars:
Cheibriados
Nemelex Xobeh
Ru

Shops:
D:4 *

Annotations:
D:3 3 runed translucent doors, jimmypageman's ghost, amateur MiFi


Innate Abilities, Weirdness & Mutations

You are a hulking beast.
Your limbs bulge with bestial killing power. (Slay +3)
((You are very nimble when in or above water. (Stealth+, EV+, Speed+++)))
Your lower body shifts to a powerful aquatic tail in water.


Message History

Found a stone staircase leading down.
An ogre comes into view. It is wielding a +0 giant club.
There is a stone staircase leading down here.
You shoot a sling bullet. The sling bullet hits the ogre.
The ogre shouts!
The ogre is moderately wounded.
A centaur comes into view.
You shoot a sling bullet. The sling bullet hits the ogre.
The ogre is moderately wounded.
The centaur wields a +0 orcbow.
The centaur shoots an arrow.
The arrow hits you.
The centaur shoots an arrow.
The arrow barely misses you.
A gnoll comes into view. It is wielding a +0 flail.
The gnoll shouts!
You shoot a sling bullet. The sling bullet hits the ogre.
The ogre is moderately wounded.
The centaur shoots an arrow.
The arrow closely misses you.
You shoot a sling bullet.
The sling bullet barely misses the ogre.
The centaur shoots an arrow.
The arrow hits you.
You are now empty-handed.
You hit the ogre. Your punch misses the ogre.
The ogre is heavily wounded.
The ogre hits you with a +0 giant club!
A dart slug comes into view.
You punch the ogre!
The ogre is almost dead.
You completely miss the ogre.
The ogre is almost dead.
The ogre completely misses you.
The centaur shoots an arrow.
The arrow hits you.
You barely miss the ogre.
The ogre is almost dead.
The centaur shoots an arrow.
The arrow closely misses you. The ogre closely misses you.
You hit the ogre.
The ogre is almost dead.
The centaur shoots an arrow.
The arrow hits you!
* * * LOW HITPOINT WARNING * * *
The centaur shoots an arrow.
The arrow hits you!
You die...

...... ...... ...w# #...#
####...# ### ......g# ###..
#..cO#############....
#....h............#.#.
#.......#########.....
#....##.#######..#.#.#
#....##...............
...####.#############.#.#.#.
..........# #...........
...####.#.# #....#.#.#.#
#.#.# #........... #.#.#
#.....#.#.#.


You could see an ogre, a centaur, a gnoll and a dart slug.

Vanquished Creatures
  A scorpion (D:5)
  An orc priest (D:3)
  A hound (D:4)
  An iguana (D:4)
  An orc wizard (D:3)
  3 gnolls (D:5)
  4 adders
  A white imp (D:5)
  2 ufetubi (D:5)
  3 ribbon worms
  A dart slug (D:1)
  22 orcs
  7 ball pythons
  8 endoplasms
  3 giant cockroaches
  5 goblins
  7 hobgoblins
  6 kobolds
  A quokka (D:4)
  A bat (D:2)
  A frilled lizard (D:3)
  3 rats
83 creatures vanquished.

Notes
Turn   | Place    | Note
-------+----------+-------------------------------------------
     0 | D:1      | Buffagor the Merfolk Shapeshifter began the quest for the
                  | Orb.
     0 | D:1      | Reached XP level 1. HP: 15/15 MP: 1/1
    98 | D:1      | Reached XP level 2. HP: 17/21 MP: 2/2
   758 | D:2      | Reached XP level 3. HP: 26/26 MP: 3/3
  1179 | D:2      | Reached XP level 4. HP: 16/32 MP: 4/4
  1450 | D:3      | Found a runed translucent gate.
  1455 | D:3      | Found a runed translucent gate.
  1455 | D:3      | Found a runed translucent gate.
  1455 | D:3      | Noticed jimmypageman's ghost (amateur MiFi)
  1618 | D:3      | Reached skill level 5 in Unarmed Combat
  1618 | D:3      | Reached skill level 5 in Shapeshifting
  1840 | D:3      | Reached XP level 5. HP: 32/37 MP: 5/5
  1860 | D:3      | Found a faded altar of an unknown god.
  2003 | D:3      | Found a snail-covered altar of Cheibriados.
  2522 | D:3      | Became a worshipper of Cheibriados the Contemplative
  2604 | D:4      | Found Woeruabb's Whimsical Warehouse.
  2919 | D:4      | Found a sparkling altar of Nemelex Xobeh.
  3160 | D:4      | Reached XP level 6. HP: 28/43 MP: 6/6
  3557 | D:5      | Entered Level 5 of the Dungeon
  3628 | D:5      | Reached * piety under Cheibriados
  4114 | D:5      | Found a sacrificial altar of Ru.
  4170 | D:5      | Shot with an arrow by a centaur

Illustrated notes

Levels and vault maps discovered:
D:1:      minmay_arrival_checkered_box, layout_rooms
D:2:      layout_basic
D:3:      layout_basic, nicolae_overflow_crystal_walls,
          ebering_ghost_rock_garden, chequers_ecumenical_altar_island
D:4:      layout_loops_ring, nemelex_dance_club_becter, nicolae_alphabet_shops
D:5:      layout_basic, nicolae_ru_the_path_less_chosen,
          mainiacjoe_overflow_chevrons, minmay_temple_entry_overgrown,
          grunt_decor_mini_mirrors, hex_medium, uniq_crazy_yiuf_cottage,
          uniq_duvessa

Skill      XL: |  1  2  3  4  5  6 |
---------------+-------------------+-----
Unarmed Combat | 4 5 6 |  6.7
Shapeshifting  | 5 6 |  6.1
Fighting       | |  1.1
Dodging        | |  2.6

Action                     |  1- 3 |  4- 6 || total
---------------------------+-------+-------++-------
  Melee: Unarmed           |    55 |    95 ||   150
         Punch             |       |    10 ||    10
   Fire: Sling             |    25 |    71 ||    96
  Throw: Stone             |    14 |       ||    14
         Dart              |       |     5 ||     5
    Use: Potion            |       |     1 ||     1
 Armour: Animal skin       |     9 |       ||     9
         Leather armour    |    15 |    51 ||    66
         Skin              |       |    31 ||    31
  Dodge: Dodged            |    26 |    50 ||    76
